cohdb
Replays
Latest Replays
All Replays
Popular Replays
Top Player Replays
Match Explorer
How It Works
Community
CoH3 Stats
Reddit
Sign in to upload your games and track your stats! →
Sign in with Steam
Match 45871000
Unlisted
Match 45871000
Overview
Messages
Build Orders
End
Royal Engineer Section
Construct Section Command Post
Dingo Light Scout Car
ML 3-inch Mortar Team
Royal Engineer Section
Royal Engineer Section
Grenade Package
Infantry Section
Construct Platoon Command Post
6-pounder Anti-tank Gun Team
Vickers Machine Gun Team
Unlock Bishop Self-propelled Artillery
Infantry Section
Unlock M3 Stuart Light Tanks
Dingo Light Scout Car
EUNO
Grand.G
0
0
Comments
sign in to comment!
No comments posted yet!